 Dungeon Crawl Stone Soup version 0.20.0-8-g6b59dc7 (webtiles) character file.

187 4thArraOfDagon the Slasher (level 5, -2/42 HPs)
             Began as a Barachi Gladiator on June 2, 2017.
             Was a Follower of Cheibriados (penitent).
             Killed by the meddling of Cheibriados (19 damage)
             ... on level 3 of the Dungeon.
             The game lasted 00:11:09 (1902 turns).

4thArraOfDagon the Slasher (Barachi Gladiator)      Turns: 1902, Time: 00:11:10

Health: -2/42      AC:  7    Str: 16    XL:     5   Next: 66%
Magic:  5/5        EV: 10    Int:  9    God:    Cheibriados [*]
Gold:   156        SH:  0    Dex: 13    Spells: 4/4 levels left

rFire    . . .     SeeInvis .   a - +0 long sword
rCold    . . .     Gourm    .   (no shield)
rNeg     . . .     Faith    .   p - +0 scale mail
rPois    .         Spirit   .   y - +0 helmet
rElec    .         Reflect  .   (no cloak)
rCorr    .         Harm     .   (no gloves)
MR       .....                  (no boots)
Stlth    ..........             (no amulet)
Regen    0.2/turn               n - ring of wizardry
MPRegen  0.1/turn               (no ring)

@: heavily drained, very slow
A: +LOS, swims, slowness 1, strong legs 1
a: Hop, Renounce Religion


You were on level 3 of the Dungeon.
You worshipped Cheibriados.
Cheibriados was demanding penance.
You were not hungry.

You visited 2 branches of the dungeon, and saw 6 of its levels.

You collected 156 gold pieces.

Inventory:

Hand Weapons
 a - a +0 long sword (weapon)
Armour
 b - a +0 leather armour
 c - a +0 helmet
 p - a +0 scale mail (worn)
 y - a +0 helmet (worn)
Jewellery
 n - a ring of wizardry (left hand)
Wands
 d - a wand of confusion (0/48)
 i - a wand of random effects (3/48)
 u - a wand of polymorph (8/24)
Scrolls
 l - a scroll of random uselessness {unknown}
 q - a scroll of enchant weapon {unknown}
 r - a scroll of identify {unknown}
 v - 3 scrolls of remove curse
 w - a scroll of teleportation {unknown}
 B - a scroll of fear {unknown}
Potions
 j - a potion of mutation {unknown}
 k - 2 potions of brilliance
 m - a potion of haste {unknown}
 o - 3 potions of invisibility {unknown}
 x - 2 potions of might {unknown}
 z - a potion of heal wounds {unknown}
 A - a potion of lignification {unknown}
Comestibles
 f - 2 bread rations
 g - 10 fruits
 t - a royal jelly
 C - 4 chunks of flesh


   Skills:
 + Level 4.0(2.4) Fighting
 * Level 5.6(3.9) Long Blades
 - Level 2.0(0.4) Throwing
 + Level 4.1(2.5) Dodging
 + Level 1.2(0.0) Invocations


You had 4 spell levels left.
You didn't know any spells.

Dungeon Overview and Level Annotations

Branches:
Dungeon (5/15)             Temple (1/1) D:4

Altars:
Ashenzari
Cheibriados
Dithmenos
Fedhas
Gozag
Hepliaklqana
Makhleb
Nemelex Xobeh
Qazlal
Ru
Sif Muna
Trog
Uskayaw
Vehumet
The Shining One

Shops:
D:4 (

Annotations:
D:3 zhorgal's ghost, weakling GrSu
D:4 exclusion: ice beast
D:5 Blork the orc


Innate Abilities, Weirdness & Mutations

Shadows flee at your approach. (+LOS)
You can swim through water.
You cover ground slowly.
You can hop short distances.


Message History

You can move again.
Items here: )))) [ †† Butcher an orc corpse? [(y)es/(c)hoosy/(n)o/(a)ll/(e)dible/(q)uit/?]
Butcher an orc corpse? [(y)es/(c)hoosy/(n)o/(a)ll/(e)dible/(q)uit/?]
You butcher the orc corpse. x2
C - 3 chunks of flesh (gained 1);
C - 4 chunks of flesh (gained 1)
Items here: )))) [ a club; a morningstar of protection; a hand axe; a dagger; a robe Unknown command.
You see here a hand axe.
You found a shaft!
There is a shaft here.
You feel yourself speed up.
You recover from your berserk rage.
Okay, then.
Unknown command.
You see here a dagger of draining.
Unknown command.
Time shudders.
Space warps crazily around you!
You die...

#.##############.#
#######.# #)# #.......#
#### #.# #.####### ....#
#.# #.# ####.....# #..
#.# #.................
#.# #.# ######### #.# #.#
#.# #@# #.# #.# ##.# #)#
############
#..#####.####......#...#
#.#.......)...####.#...##
#.#......................
#.#.#####................
....# ####..##.........
#.#.# #..##.#.#...##


There were no monsters in sight!

Vanquished Creatures
  An orc wizard (D:3)
  An iguana (D:3)
  Ijyb (D:4)
  3 adders
  An ooze (D:3)
  An adder skeleton (D:4)
  A worm (D:2)
  A dart slug (D:1)
  3 leopard geckos
  5 orcs
  6 bats
  5 giant cockroaches
  6 goblins
  5 hobgoblins
  3 jackals (D:2)
  6 kobolds
  A quokka (D:2)
  5 frilled lizards
  6 rats
61 creatures vanquished.

Notes
Turn   | Place    | Note
-------+----------+-------------------------------------------
     0 | D:1      | 4thArraOfDagon the Barachi Gladiator began the quest for the Orb.
     0 | D:1      | Reached XP level 1. HP: 17/17 MP: 1/1
    70 | D:3      | Found a bloodstained altar of Trog.
   133 | D:4      | Noticed Ijyb
   195 | D:4      | Killed Ijyb
   195 | D:4      | Reached skill level 4 in Long Blades
   195 | D:4      | Reached XP level 2. HP: 4/24 MP: 2/2
   195 | D:4      | Reached XP level 3. HP: 5/29 MP: 3/3
   264 | D:4      | Found a staircase to the Ecumenical Temple.
   276 | Temple   | Entered the Ecumenical Temple
   296 | Temple   | Became a worshipper of Cheibriados the Contemplative
   335 | D:5      | Entered Level 5 of the Dungeon
   335 | D:5      | Found a hide-covered altar of Uskayaw.
   335 | D:5      | Noticed Blork the orc
   417 | D:4      | Found Mudeubus's Antique Weapon Shoppe.
   448 | D:4      | BLOAX: i'm sure this sword is
   460 | D:4      | BLOAX: DAZZLINGLY bad
   476 | D:4      | Noticed an ice beast
   546 | D:4      | 4thArraOfDagon: ohhh shuuuuu...
   696 | D:4      | BLOAX: shut up? : )
   714 | D:3      | Found a shadowy altar of Dithmenos.
   742 | D:2      | Reached XP level 4. HP: 17/35 MP: 4/4
   932 | D:2      | Reached * piety under Cheibriados
  1012 | D:2      | Was placed under penance by Cheibriados
  1012 | D:2      | Was forgiven by Cheibriados
  1147 | D:2      | 4thArraOfDagon: arent humans filled with hope?
  1165 | D:1      | Reached skill level 5 in Long Blades
  1186 | D:1      | BLOAX: technically
  1186 | D:1      | 4thArraOfDagon: like in those blockubuster US and A movies
  1227 | D:1      | BLOAX: well in truth Hope should never die
  1248 | D:1      | BLOAX: for if you do not first and foremost Believe that you can do it
  1256 | D:1      | BLOAX: how can you possibly Do It
  1503 | D:3      | Noticed zhorgal's ghost (weakling GrSu)
  1544 | D:4      | Reached XP level 5. HP: 41/41 MP: 5/5
  1720 | D:3      | Reached skill level 1 in Invocations
  1834 | D:3      | Reached ** piety under Cheibriados
  1872 | D:3      | Was placed under penance by Cheibriados
  1902 | D:3      | Killed by the meddling of Cheibriados

Skill      XL: |  1  2  3  4  5 |
---------------+----------------+-----
Fighting       | 3 4 |  4.0
Long Blades    | 4 5 |  5.6
Dodging        | 4 |  4.1
Invocations    | 1 |  1.2
Throwing       | |  2.0

Action                   |  1- 3 |  4- 6 || total
-------------------------+-------+-------++-------
Melee: Long sword        |    59 |   120 ||   179
Throw: Throwing net      |     6 |     3 ||     9
 Abil: Hop               |     1 |       ||     1
Evoke: Wand              |       |     7 ||     7
  Use: Potion            |     3 |     2 ||     5
       Scroll            |       |     1 ||     1
 Stab: Sleeping          |     1 |       ||     1
       Paralysed         |       |     1 ||     1
  Eat: Chunk             |       |     3 ||     3
Armor: Leather armour    |    28 |     4 ||    32
       Scale mail        |       |    61 ||    61
Dodge: Dodged            |    57 |    89 ||   146
       Rpst.: Long sword |    14 |    32 ||    46
